 Dungeon Crawl Stone Soup version 0.29-a0-1043-g569b05d6ff (webtiles) character file.

Game seed: 5081021566669998527

11461 fmbfm the Covert (level 11, -16/41 HPs)
             Began as a Spriggan Enchanter on Aug 16, 2022.
             Was an Elder of Dithmenos.
             Killed from afar by a hell hound (19 damage)
             ... with a blast of flame
             ... led by Azrael
             ... on level 12 of the Dungeon.
             The game lasted 00:26:43 (12694 turns).

fmbfm the Covert (Spriggan Enchanter)              Turns: 12694, Time: 00:26:44

Health: -16/41     AC:  6    Str: 13    XL:     11   Next: 49%
Magic:  36/36      EV: 21    Int: 16    God:    Dithmenos [****..]
Gold:   2604       SH:  5    Dex: 20    Spells: 21/32 levels left

rFire   . . .      SeeInvis +   a - +5 dagger (vorpal)
rCold   + . .      Faith    .   (no shield)
rNeg    . . .      Spirit   .   v - +1 robe {rC+}
rPois   .          Reflect  +   (helmet restricted)
rElec   .          Harm     .   o - +2 cloak
rCorr   .          Rampage  .   (gloves unavailable)
Will    +....                   (boots unavailable)
Stlth   ++++++++..              i - amulet of reflection
HPRegen 0.13/turn               d - ring of magical power
MPRegen 0.25/turn               r - +6 ring of strength

@: wreathed by umbra, invisible, very quick
A: very small, no large weapons, unfitting armour, see invisible, speed 3, agile
1, frail 2, wild magic 1
a: Renounce Religion, Shadow Step


You were on level 12 of the Dungeon.
You worshipped Dithmenos.
Dithmenos was greatly pleased with you.
You visited 2 branches of the dungeon, and saw 13 of its levels.
You also visited: Bailey.

You collected 4069 gold pieces.
You spent 1465 gold pieces at shops.

Inventory:

Hand Weapons
 a - a +5 vorpal dagger (weapon)
 x - a +2 dagger of holy wrath
Missiles
 b - a throwing net
 B - 4 curare-tipped darts (quivered)
Armour
 o - a +2 cloak (worn)
 v - a +1 robe of cold resistance (worn)
Jewellery
 d - a ring of magical power (left hand)
 i - an amulet of reflection (around neck)
 m - a ring of flight
 r - a +6 ring of strength (right hand)
 I - a ring of ice
Wands
 j - a wand of iceblast (21)
 z - a wand of light (3)
 D - a wand of flame (5)
 J - a wand of mindburst (9)
 K - a wand of polymorph (3)
Scrolls
 f - a scroll of summoning
 l - a scroll of immolation
 n - 4 scrolls of fear
 p - 4 scrolls of teleportation
 s - a scroll of amnesia
 t - a scroll of vulnerability
 u - a scroll of brand weapon
 y - a scroll of fog
 F - 3 scrolls of identify
 G - a scroll of magic mapping
 H - a scroll of blinking
Potions
 c - 4 potions of invisibility
 e - 3 potions of berserk rage
 g - 8 potions of curing
 h - 3 potions of haste
 k - 5 potions of lignification
 q - 2 potions of might
 w - a potion of brilliance
 A - 2 potions of heal wounds
 C - a potion of resistance
 E - a potion of flight


   Skills:
 + Level 3.0 Fighting
 + Level 9.2 Short Blades
 + Level 5.6 Dodging
 + Level 13.7 Stealth
 + Level 11.3 Spellcasting
 + Level 11.5 Hexes


You had 21 spell levels left.
You knew the following spells:

 Your Spells              Type           Power      Damage    Failure   Level
a - Ensorcelled Hibernat  Hex/Ice        70%        N/A       2%          2
b - Tukima's Dance        Hex            56%        N/A       1%          3
c - Dazzling Flash        Conj/Hex       70%        N/A       4%          3
d - Confusing Touch       Hex            56%        N/A       1%          3

Your spell library contained the following spells:

 Spells                   Type           Power      Damage    Failure   Level
 Summon Lightning Spire   Summ/Air       11%        N/A       71%         4
 Discord                  Hex            28%        N/A       99%         8
 Conjure Ball Lightning   Conj/Air       5%         3x3d6     100%        6
 Storm Form               Tmut/Air       5%         N/A       100%        7
 Disjunction              Tloc           5%         N/A       100%        8
 Maxwell's Capacitive Co  Air            5%         ∞         100%        8


Dungeon Overview and Level Annotations

Branches:
Dungeon (12/15)            Temple (1/1) D:4            Lair (0/5) D:9
    Orc (0/2) D:11         Bailey (visited)

Altars:
Ashenzari
Dithmenos
Hepliaklqana
Kikubaaqudgha
Nemelex Xobeh
Okawaru
Trog
Uskayaw
Vehumet

Shops:
D:1 [   D:8 (??!   D:9 =

Portals:
Trove: D:11 (give +4 demon trident)

Annotations:
D:4 3 runed translucent doors, NatashaGaming's ghost, amateur FeSu
D:5 1 runed translucent door, Taxman66's ghost, novice TrFi
D:12 Azrael


Innate Abilities, Weirdness & Mutations

You are very small and have problems with some larger weapons.
You are too small for most types of armour.
You have supernaturally acute eyesight. (SInv)
You cover ground extremely quickly. (Speed+++)
You are agile. (Dex +4, Str/Int -1)
You are very frail. (-20% HP)
Your spells are a little harder to cast, but a little more powerful.


Message History

The helpless fire dragon fails to defend itself.
You perforate the fire dragon like a sieve!!!!
You kill the fire dragon!
Dithmenos accepts your kill.
The fire dragon scales are intact enough to wear.
Your Fighting skill increases to level 3!
Unknown command.
Things that are here:
+0 fire dragon scales; a fire dragon corpse You open the door.
There is an open door here.
You now have 2575 gold pieces (gained 17).
You now have 2589 gold pieces (gained 14).
You open the door.
There is an open door here.
You now have 2604 gold pieces (gained 15).
You open the door.
A fire elemental comes into view.
There is an open door here.
You fade into invisibility! 2 hell hounds come into view.
Found a leather armour.
Azrael and a hell hound come into view.
Azrael is wielding a +3 scimitar of flaming.
A hell hound comes into view.
The hell hound breathes flames at you. The blast of flame hits you!!
The hell hound barks! x3
Okay, then.
Unknown command.
The hell hound breathes flames at you.
The blast of flame hits the hell hound.
The hell hound completely resists.
The blast of flame hits you!!
* * * LOW HITPOINT WARNING * * *
You emit a cloud of dark smoke.
The hell hound breathes flames at you.
The blast of flame misses the hell hound.
The blast of flame hits the hell hound.
The hell hound completely resists.
The blast of flame hits you!!
You die...

.#.............#...#
.'.............#...#
.#.............#...#
.#.............#...#
##########.....#...#
#.....'...#
#.....#...#
+.....#§§.#
#.....#@§.#
#######h..#
#.....h...#
+.........#
#....h...E#
#.....[.h.#
######R...# ####+#


You could see Azrael (wandering, unable to see you), a fire elemental
(wandering, unable to see you) and 4 hell hounds.

Vanquished Creatures
  Nessos (D:12)
  A fire dragon (D:12)
  Erolcha (D:9)
  An ugly thing (D:12)
  A cyclops (D:11)
  Maurice (D:9)
  An unseen horror (D:11)
  2 komodo dragons
  A kobold demonologist (D:11)
  A troll (D:9)
  A shadow (D:8)
  Sigmund (D:6)
  9 yaks
  2 vampires
  2 wraiths
  2 wyverns
  Menkaure (D:6)
  3 acid dragons
  A water moccasin (D:5)
  An ice beast (D:7)
  A black bear (D:5)
  6 orc warriors
  A centaur (D:10)
  2 phantoms (D:5)
  5 kobold brigands
  A gnoll sergeant (D:10)
  2 bullfrogs
  4 scorpions
  3 wights (D:8)
  7 killer bees
  6 howler monkeys
  2 electric eels (D:4)
  2 orc priests
  A hound (D:6)
  3 jellies
  An iguana (D:4)
  7 orc wizards
  3 gnolls (D:10)
  6 adders
  2 white imps
  An ufetubus (D:7)
  4 worms
  A dart slug (D:2)
  21 orcs
  6 endoplasms
  5 giant cockroaches
  3 goblins
  10 hobgoblins
  15 jackals
  6 quokkas
  3 ball pythons
  4 bats
  A frilled lizard (D:1)
  17 kobolds
  6 rats
202 creatures vanquished.

Vanquished Creatures (collateral kills)
  Edmund (D:4)
  A water moccasin (D:7)
  4 orc warriors
  A kobold brigand (Bailey)
  A gnoll sergeant (D:11)
  5 wights (D:8)
  An orc priest (D:8)
  An orc wizard (D:8)
  3 gnolls (D:5)
  A worm (D:2)
  4 orcs
23 creatures vanquished.

Vanquished Creatures (others)
  8 dancing weapons
  A fungus (D:4)
  A plant (D:4)
10 creatures vanquished.

Grand Total: 235 creatures vanquished

Notes
Turn   | Place    | Note
-------+----------+-------------------------------------------
     0 | D:1      | fmbfm the Spriggan Enchanter began the quest for the Orb.
     0 | D:1      | Reached XP level 1. HP: 9/9 MP: 5/5
   177 | D:1      | Found Rigamesuu's Antique Armour Boutique.
   398 | D:1      | Reached XP level 2. HP: 13/13 MP: 7/7
   406 | D:1      | Learned a level 2 spell: Ensorcelled Hibernation
  1454 | D:2      | Found a radiant altar of Vehumet.
  1517 | D:2      | Reached XP level 3. HP: 14/16 MP: 9/9
  1539 | D:2      | Learned a level 3 spell: Tukima's Dance
  1543 | D:2      | Learned a level 3 spell: Confusing Touch
  2160 | D:2      | Reached XP level 4. HP: 21/21 MP: 11/11
  2163 | D:2      | Reached skill level 5 in Hexes
  2935 | D:2      | Learned a level 3 spell: Dazzling Flash
  3088 | D:3      | Found a faded altar of an unknown god.
  3380 | D:3      | Found a shadowy altar of Dithmenos.
  3381 | D:3      | Found a hide-covered altar of Uskayaw.
  3382 | D:3      | Found a broken altar of Ashenzari.
  3385 | D:3      | Found a bloodstained altar of Trog.
  3390 | D:3      | Became a worshipper of Dithmenos the Shadowed
  3568 | D:4      | Found a transporter.
  3608 | D:4      | Found a staircase to the Ecumenical Temple.
  3617 | Temple   | Entered the Ecumenical Temple
  3640 | D:4      | Found a hazy altar of Hepliaklqana.
  3653 | D:4      | Reached XP level 5. HP: 24/24 MP: 13/13
  3707 | D:4      | Reached skill level 5 in Spellcasting
  3893 | D:4      | Found a transporter.
  4039 | D:4      | Reached skill level 5 in Stealth
  4119 | D:4      | Found an iron altar of Okawaru.
  4357 | D:4      | Found a sparkling altar of Nemelex Xobeh.
  4368 | D:4      | Noticed Edmund
  4393 | D:4      | Killed Edmund
  4394 | D:4      | Reached XP level 6. HP: 18/28 MP: 10/15
  4513 | D:4      | Found a runed translucent gate.
  4513 | D:4      | Found a runed translucent gate.
  4513 | D:4      | Found a runed translucent gate.
  4514 | D:4      | Noticed NatashaGaming's ghost (amateur FeSu)
  4553 | D:5      | Entered Level 5 of the Dungeon
  4553 | D:5      | Noticed a water moccasin
  4558 | D:5      | Killed a water moccasin
  4559 | D:5      | Reached skill level 6 in Stealth
  4782 | D:5      | Found a runed translucent door.
  4792 | D:5      | Noticed Taxman66's ghost (novice TrFi)
  4806 | D:5      | Reached XP level 7. HP: 32/32 MP: 17/17
  4983 | D:5      | Reached skill level 7 in Stealth
  5417 | D:5      | Reached * piety under Dithmenos
  5474 | D:5      | Gained mutation: You are frail. (-10% HP) [potion of
                  | mutation]
  5474 | D:5      | Gained mutation: Your spells are a little harder to cast,
                  | but a little more powerful. [potion of mutation]
  5475 | D:5      | Lost mutation: Your spells are a little harder to cast, but
                  | a little more powerful. [potion of mutation]
  5475 | D:5      | Lost mutation: You are frail. (-10% HP) [potion of
                  | mutation]
  5475 | D:5      | Gained mutation: You occasionally shout uncontrollably at
                  | your foes. [potion of mutation]
  5475 | D:5      | Gained mutation: You are partially covered in large bone
                  | plates. (SH +4) [potion of mutation]
  5476 | D:5      | Lost mutation: You occasionally shout uncontrollably at
                  | your foes. [potion of mutation]
  5476 | D:5      | Lost mutation: You are partially covered in large bone
                  | plates. (SH +4) [potion of mutation]
  5476 | D:5      | Gained mutation: Your spells are a little harder to cast,
                  | but a little more powerful. [potion of mutation]
  5476 | D:5      | Gained mutation: Your body sometimes deteriorates upon
                  | taking damage. [potion of mutation]
  5476 | D:5      | Gained mutation: You do not regenerate when monsters are
                  | visible. [potion of mutation]
  5476 | D:5      | Gained mutation: You are partially covered in iridescent
                  | scales. (AC +2) [potion of mutation]
  5477 | D:5      | Lost mutation: Your body sometimes deteriorates upon taking
                  | damage. [potion of mutation]
  5477 | D:5      | Lost mutation: You are partially covered in iridescent
                  | scales. (AC +2) [potion of mutation]
  5477 | D:5      | Lost mutation: You do not regenerate when monsters are
                  | visible. [potion of mutation]
  5477 | D:5      | Gained mutation: You are frail. (-10% HP) [potion of
                  | mutation]
  5477 | D:5      | Gained mutation: You are very frail. (-20% HP) [potion of
                  | mutation]
  5477 | D:5      | Gained mutation: You are agile. (Dex +4, Str/Int -1)
                  | [potion of mutation]
  5611 | D:6      | Noticed Sigmund
  5618 | D:6      | Killed Sigmund
  5619 | D:6      | Reached skill level 8 in Stealth
  5779 | D:6      | Noticed Menkaure
  5781 | D:6      | Reached XP level 8. HP: 28/28 MP: 20/20
  5787 | D:6      | Killed Menkaure
  5913 | D:6      | Reached skill level 9 in Stealth
  6589 | D:7      | Identified the +5 war axe of Equivalence {freeze, +Blink
                  | rC+ Dex+5}
  6644 | D:7      | Found a radiant altar of Vehumet.
  6854 | D:7      | Reached skill level 10 in Stealth
  7299 | D:8      | Reached XP level 9. HP: 23/31 MP: 23/23
  7436 | D:8      | Found Miott's Magic Scroll Shoppe.
  7444 | D:8      | Bought a scroll of enchant weapon for 120 gold pieces
  7701 | D:8      | Reached ** piety under Dithmenos
  7702 | D:8      | Reached skill level 11 in Stealth
  8066 | D:8      | Found Weonuut's Weapon Boutique.
  8163 | D:8      | Found Kecamaz's Magic Scroll Shop.
  8214 | D:8      | Reached skill level 10 in Hexes
  8237 | D:8      | Reached skill level 12 in Stealth
  8237 | D:8      | Reached skill level 10 in Spellcasting
  8401 | D:8      | Found Ziesuh's Magic Scroll Shoppe.
  8413 | D:8      | Found Usuneozu's Distillery.
  8526 | D:8      | Bought a potion of curing for 45 gold pieces
  8526 | D:8      | Bought a potion of heal wounds for 75 gold pieces
  8526 | D:8      | Bought a potion of curing for 45 gold pieces
  8526 | D:8      | Bought a potion of heal wounds for 75 gold pieces
  8526 | D:8      | Bought a potion of curing for 45 gold pieces
  8526 | D:8      | Bought a potion of might for 60 gold pieces
  8737 | D:9      | Found Nuc Tui's Jewellery Shoppe.
  8961 | D:9      | Found a staircase to the Lair.
  8994 | D:9      | Found a flagged portal.
  8999 | D:9      | Reached XP level 10. HP: 35/35 MP: 25/25
  9012 | Bailey   | Entered a bailey
  9139 | Bailey   | Reached *** piety under Dithmenos
  9143 | Bailey   | Reached skill level 1 in Fighting
  9421 | Bailey   | Identified a scroll of acquirement
  9557 | Bailey   | Found a bloodstained altar of Trog.
  9653 | D:9      | Reached skill level 13 in Stealth
  9655 | D:9      | Noticed Erolcha
  9665 | D:9      | Killed Erolcha
  9669 | D:9      | Reached skill level 5 in Short Blades
 10014 | D:9      | Noticed Maurice
 10018 | D:9      | Killed Maurice
 10109 | D:9      | Acquired 990 gold pieces
 10172 | D:8      | Bought a scroll of acquirement for 520 gold pieces
 10174 | D:8      | Acquired 779 gold pieces
 10181 | D:8      | Bought a scroll of fog for 40 gold pieces
 10181 | D:8      | Bought a scroll of identify for 20 gold pieces
 10181 | D:8      | Bought a scroll of teleportation for 30 gold pieces
 10181 | D:8      | Bought a scroll of fear for 40 gold pieces
 10181 | D:8      | Bought a scroll of identify for 20 gold pieces
 10181 | D:8      | Bought a scroll of magic mapping for 75 gold pieces
 10181 | D:8      | Bought a scroll of blinking for 75 gold pieces
 10203 | D:8      | Bought a scroll of enchant armour for 90 gold pieces
 10203 | D:8      | Bought a scroll of enchant armour for 90 gold pieces
 10273 | D:10     | Entered Level 10 of the Dungeon
 11134 | D:10     | Found an ancient bone altar of Kikubaaqudgha.
 11251 | D:11     | Reached XP level 11. HP: 40/40 MP: 26/26
 11377 | D:11     | Found a staircase to the Orcish Mines.
 11818 | D:11     | Reached **** piety under Dithmenos
 12110 | D:11     | Found a portal to a secret trove of treasure.
 12305 | D:12     | Reached skill level 5 in Dodging
 12306 | D:12     | Noticed Nessos
 12311 | D:12     | Killed Nessos
 12406 | D:12     | Noticed a white ugly thing
 12431 | D:12     | Killed a red ugly thing
 12636 | D:12     | Noticed a fire dragon
 12640 | D:12     | Killed a fire dragon
 12691 | D:12     | Noticed Azrael
 12694 | D:12     | Killed from afar by a hell hound

Illustrated notes

Levels and vault maps discovered:
D:1:      dpeg_arrival_tiny_i, layout_loops_ring, serial_shops,
          nicolae_square_shop, kennysheep_small_spiral, minmay_misc_feat_hallway
D:2:      layout_loops_corners, basic_altar, minmay_misc_feat_more_columns,
          item_on_display_a
D:3:      layout_rooms, mainiacjoe_overflow_alcove_3,
          ebering_ecumenical_altar_abandoned
D:4:      gammafunk_steamed_eel, layout_cave_pools, mainiacjoe_overflow_paths,
          lemuel_doored_altar, nemelex_diamond_rough_becter,
          minmay_temple_entry_mist, gammafunk_ghost_nasty_kobolds,
          minmay_misc_feat_five, uniq_edmund
D:5:      layout_loops_ring, ebering_ghost_sewer_d
D:6:      layout_basic, uniq_sigmund, uniq_menkaure
D:7:      layout_rooms, nicolae_vehumet_radiance, kennysheep_doodads
D:8:      layout_loops_cross, serial_shops, shop, kennysheep_mini,
          nicolae_square_shop, shop_statue, nicolae_shop_advertising_works
          [nicolae_subvault_shop_adworks]
D:9:      layout_gridville, lair_entry_dummy, enter_bailey_2, serial_shops,
          shop, feat_on_display, uniq_maurice, uniq_erolcha
D:10:     layout_loops_ring, nicolae_kikubaaqudgha_miasma_corner
D:11:     minmay_skewed_foursquare, layout_loops_ring, david_orc_2,
          nicolae_trove_entry_diagonal
D:12:     layout_gridville, uniq_azrael, uniq_kirke, uniq_nessos, uniq_josephine
Temple:   hellmonk_temple_forest_ring

Skill      XL: |  1  2  3  4  5  6  7  8  9 10 11 |
---------------+----------------------------------+-----
Spellcasting   | 3 4 5 6 7 9 10 11 | 11.3
Hexes          | 4 5 6 7 9 10 11 | 11.5
Stealth        | 5 6 8 10 12 13 | 13.7
Dodging        | 3 4 5 |  5.6
Fighting       | 1 3 |  3.0
Short Blades   | 8 9 |  9.2

Action                   |  1- 3 |  4- 6 |  7- 9 | 10-12 || total
-------------------------+-------+-------+-------+-------++-------
Melee: Dagger            |    99 |   126 |   192 |   131 ||   548
       Punch             |     1 |       |     4 |     1 ||     6
 Cast: Ensorcelled Hiber |     6 |    13 |    41 |    29 ||    89
       Tukima's Dance    |       |     7 |    17 |     9 ||    33
       Confusing Touch   |       |     1 |     8 |     2 ||    11
Invok: Shadow Step       |       |       |       |     1 ||     1
Evoke: Wand              |       |     5 |     2 |     1 ||     8
  Use: Scroll            |     8 |     6 |    10 |     8 ||    32
       Potion            |       |       |     7 |     2 ||     9
 Stab: Sleeping          |    10 |    13 |    45 |    36 ||   104
       Confused          |       |     1 |     4 |     2 ||     7
       Distracted        |       |       |       |     2 ||     2
Armor: Robe              |     7 |     7 |    16 |    10 ||    40
Dodge: Dodged            |    58 |    61 |   155 |    85 ||   359
Block: Other             |     7 |    15 |    44 |    21 ||    87
       Reflection        |       |       |       |     8 ||     8

Table legend: (Time is in decaauts)
 A = Elapsed time spent in this place.
 B = Non-inter-level travel time spent in this place.
 C = Inter-level travel time spent in this place.
 D = Time resting spent in this place.
 E = Time spent auto-exploring this place.
 F = Levels seen in this place.
 G = Mean time per level.
                   A        B        C        D        E       F      G
               +--------+--------+--------+--------+--------+-----+--------+
         Total |   9652 |   9299 |    353 |    697 |   6943 |  14 |  689.4 |
       Dungeon |   9119 |   8766 |    353 |    545 |   6705 |  12 |  759.9 |
        Temple |      1 |      1 |      0 |      0 |      0 |   1 |    1.0 |
        Bailey |    531 |    531 |      0 |    151 |    238 |   1 |  531.0 |
               +--------+--------+--------+--------+--------+-----+--------+

Top non-repeatable levels by time:
     D:2: 1222 daAuts
     D:1: 1180 daAuts
     D:8: 1061 daAuts
     D:4: 846 daAuts
     D:5: 796 daAuts
    D:11: 723 daAuts
     D:7: 691 daAuts
    D:10: 658 daAuts
     D:6: 652 daAuts
     D:9: 565 daAuts
  Bailey: 531 daAuts
     D:3: 404 daAuts
    D:12: 318 daAuts
  Temple: 1 daAuts
